[ AOE2 MATCH · #469051250 ]
UnrankedBritons vs Britons
[ REPLAY ANALYSIS · EXTRACTED FROM THE RECORDED GAME ]
Feudal
12:49
Castle
17:11
Imperial
31:54
| APM avg | 27.0 |
| APM peak | 128 |
| eAPM avg | 15.1 |
| Villagers / military | 139 / 114 |
Focus
⚔️ 27.2% · 🌾 72.8%
Archer ×90 · Longbowman ×17 · Trebuchet (Packed) ×5 · Monk ×2
Feudal
11:03
Castle
15:23
Imperial
31:58
| APM avg | 28.4 |
| APM peak | 51 |
| eAPM avg | 19.6 |
| Villagers / military | 164 / 559 |
Focus
⚔️ 37.2% · 🌾 62.8%
Spearman ×490 · Knight ×65 · Fishing Ship ×26 · Mangonel ×3 · Monk ×1
Feudal
11:45
Castle
17:47
Imperial
34:47
| APM avg | 15.9 |
| APM peak | 33 |
| eAPM avg | 10.8 |
| Villagers / military | 113 / 235 |
Focus
⚔️ 36.1% · 🌾 63.9%
Longbowman ×117 · Skirmisher ×105 · Trebuchet (Packed) ×13 · Trade Cart ×5
Feudal
11:51
Castle
17:50
Imperial
30:39
| APM avg | 17.3 |
| APM peak | 36 |
| eAPM avg | 10.4 |
| Villagers / military | 139 / 137 |
Focus
⚔️ 18.6% · 🌾 81.4%
Camel Scout ×127 · Bombard Cannon ×6 · Monk ×2 · Armored Elephant ×2
Feudal
11:12
Castle
15:19
Imperial
28:42
| APM avg | 20.9 |
| APM peak | 72 |
| eAPM avg | 13.1 |
| Villagers / military | 142 / 108 |
Focus
⚔️ 14.8% · 🌾 85.2%
Knight ×102 · Trade Cart ×9 · Spearman ×3 · Scout Cavalry ×2 · Monk ×1
Feudal
11:24
Castle
16:09
Imperial
34:05
| APM avg | 18.4 |
| APM peak | 44 |
| eAPM avg | 12.5 |
| Villagers / military | 111 / 79 |
Focus
⚔️ 31.0% · 🌾 69.0%
Chu Ko Nu ×56 · Skirmisher ×11 · Fire Lancer ×7 · Trade Cart ×3 · Cavalry Archer ×2 · Trebuchet (Packed) ×2
Feudal
12:30
Castle
18:46
Imperial
36:23
| APM avg | 24.6 |
| APM peak | 166 |
| eAPM avg | 16.9 |
| Villagers / military | 163 / 235 |
Focus
⚔️ 26.6% · 🌾 73.4%
Skirmisher ×218 · Knight ×9 · Trebuchet (Packed) ×4 · Mangonel ×3 · Monk ×1
Feudal
14:30
Castle
20:29
Imperial
35:16
| APM avg | 22.5 |
| APM peak | 73 |
| eAPM avg | 18.9 |
| Villagers / military | 200 / 195 |
Focus
⚔️ 31.4% · 🌾 68.6%
Knight ×96 · War Elephant ×61 · Trade Cart ×52 · Archer ×31 · Bombard Cannon ×7
Match map
Initial resources + every placement click. Lines = walls · curves = elevation contours. ◆ gold · ⬟ stone · ● berries · ✦ relic · ◌ wall gap
Your base· ✓ Closed at 17:11 · 28t walls · no gate
菜鸟群275059917's base· Open — opponent sealed themselves in
Fred's base· ✓ Closed at 17:47 · 25t walls · 1 gate(s)
Capt. Abisto's base· ✓ Closed at 17:50 · 0t walls · no gate
nico142857's base· ✓ Closed at 15:19 · 0t walls · no gate
Mark's base· ✓ Closed at 16:09 · 14t walls · no gate
cruy's base· ✓ Closed at 18:46 · 62t walls · no gate
i need 1v4 ?'s base· ✓ Closed at 20:29 · 62t walls · 4 gate(s)
Smoothed initial terrain · ◌ = detected wall gap · hover for details
Inputs per minute
— サンテアゴ - - 菜鸟群275059917
Build order — サンテアゴ
First 150 of 287 actions detected
| 0:01 | Create | Villager (Male) |
| 0:02 | Create | Villager (Male) |
| 0:02 | Create | Villager (Male) |
| 0:02 | Create | Villager (Male) |
| 0:05 | Build | House |
| 0:07 | Build | House |
| 1:20 | Research | Loom |
| 1:47 | Build | Palisade Wall |
| 2:40 | Create | Villager (Male) |
| 2:41 | Create | Villager (Male) |
| 2:41 | Create | Villager (Male) |
| 3:34 | Build | Palisade Wall |
| 3:46 | Build | Palisade Wall |
| 3:56 | Create | Villager (Male) |
| 3:56 | Create | Villager (Male) |
| 3:57 | Create | Villager (Male) |
| 4:41 | Build | Lumber Camp |
| 5:16 | Build | House |
| 5:24 | Create | Villager (Male) |
| 5:25 | Create | Villager (Male) |
| 5:25 | Create | Villager (Male) |
| 5:51 | Build | House |
| 5:56 | Build | House |
| 6:04 | Create | Villager (Male) |
| 6:04 | Create | Villager (Male) |
| 6:43 | Create | Villager (Male) |
| 6:44 | Create | Villager (Male) |
| 7:02 | Build | Mill |
| 7:13 | Build | House |
| 7:35 | Create | Villager (Male) |
| 7:35 | Create | Villager (Male) |
| 7:35 | Create | Villager (Male) |
| 8:40 | Create | Villager (Male) |
| 10:02 | Create | Villager (Male) |
| 10:16 | Build | House |
| 10:31 | Build | Mining Camp |
| 10:39 | Research | Feudal Age |
| 10:39 | Research | Feudal Age |
| 10:53 | Build | House |
| 12:01 | Build | House |
| 12:25 | Create | Villager (Male) |
| 12:25 | Create | Villager (Male) |
| 12:39 | Build | House |
| 12:49 | Age | Feudal Age |
| 13:05 | Build | Market |
| 13:15 | Build | Blacksmith |
| 13:33 | Create | Villager (Male) |
| 14:23 | Build | House |
| 14:31 | Research | Castle Age |
| 14:31 | Research | Castle Age |
| 14:31 | Research | Castle Age |
| 15:18 | Build | House |
| 15:42 | Build | Mining Camp |
| 16:27 | Research | Double-Bit Axe |
| 16:29 | Research | Horse Collar |
| 16:31 | Research | Stone Mining |
| 16:35 | Research | Gold Mining |
| 17:11 | Age | Castle Age |
| 17:16 | Create | Villager (Male) |
| 17:17 | Create | Villager (Male) |
| 17:28 | Build | Farm |
| 17:33 | Build | Farm |
| 17:33 | Build | Farm |
| 17:33 | Build | Farm |
| 17:34 | Build | Farm |
| 17:35 | Build | Farm |
| 17:37 | Build | Farm |
| 17:44 | Create | Villager (Male) |
| 18:20 | Create | Villager (Male) |
| 18:24 | Build | Farm |
| 18:25 | Build | Farm |
| 18:47 | Create | Villager (Male) |
| 19:04 | Build | Castle |
| 19:11 | Research | Fletching |
| 19:14 | Create | Villager (Male) |
| 19:20 | Build | Farm |
| 19:23 | Build | Farm |
| 20:00 | Create | Villager (Male) |
| 20:00 | Create | Villager (Male) |
| 20:00 | Create | Villager (Male) |
| 20:15 | Create | Villager (Male) |
| 20:30 | Create | Villager (Male) |
| 20:50 | Build | Town Center |
| 20:59 | Build | Farm |
| 21:31 | Build | Mining Camp |
| 21:35 | Create | Longbowman |
| 21:35 | Create | Longbowman |
| 21:42 | Create | Villager (Male) |
| 21:48 | Build | Farm |
| 21:51 | Build | Farm |
| 22:01 | Build | Farm |
| 22:10 | Create | Villager (Male) ×5 |
| 22:16 | Create | Villager (Male) |
| 22:16 | Create | Villager (Male) |
| 22:25 | Build | Farm |
| 22:51 | Create | Longbowman |
| 22:52 | Create | Longbowman |
| 23:09 | Create | Villager (Male) ×4 |
| 23:43 | Build | Farm |
| 23:43 | Build | Farm |
| 23:48 | Create | Longbowman |
| 23:48 | Create | Longbowman |
| 23:48 | Create | Longbowman |
| 23:49 | Create | Longbowman |
| 24:06 | Build | Farm |
| 24:30 | Build | Lumber Camp |
| 24:56 | Create | Villager (Male) ×5 |
| 25:05 | Build | Town Center |
| 25:36 | Research | Wheelbarrow |
| 25:39 | Build | Farm |
| 25:57 | Build | Gate |
| 26:02 | Create | Villager (Male) ×5 |
| 26:05 | Build | Farm |
| 26:21 | Create | Villager (Male) ×5 |
| 26:25 | Build | Farm |
| 26:25 | Build | Farm |
| 26:25 | Build | Farm |
| 26:26 | Build | Farm |
| 26:27 | Build | Farm |
| 26:27 | Build | Farm |
| 26:33 | Build | Farm |
| 26:33 | Build | Farm |
| 26:55 | Research | Bow Saw |
| 27:10 | Create | Villager (Male) |
| 27:10 | Create | Villager (Male) |
| 27:10 | Create | Villager (Male) |
| 27:17 | Build | Farm |
| 27:17 | Build | Farm |
| 27:43 | Create | Villager (Male) |
| 27:44 | Create | Villager (Male) |
| 27:48 | Build | Farm |
| 27:49 | Build | Farm |
| 28:01 | Build | Farm |
| 28:06 | Research | Heavy Plow |
| 28:44 | Research | Imperial Age |
| 28:54 | Build | Farm |
| 28:54 | Build | Farm |
| 29:24 | Build | Mining Camp |
| 29:27 | Create | Villager (Male) |
| 29:30 | Create | Villager (Male) |
| 29:30 | Create | Villager (Male) |
| 29:31 | Create | Villager (Male) |
| 29:31 | Create | Villager (Male) |
| 29:31 | Create | Villager (Male) |
| 29:31 | Create | Villager (Male) |
| 29:39 | Build | Town Center |
| 29:54 | Create | Villager (Male) |
| 30:20 | Research | Gold Shaft Mining |
| 30:23 | Research | Bodkin Arrow |
| 30:26 | Create | Longbowman |
Build order — 菜鸟群275059917
First 150 of 441 actions detected
| 0:12 | Build | House |
| 0:14 | Build | House |
| 0:15 | Create | Villager (Male) |
| 0:16 | Create | Villager (Male) |
| 0:16 | Create | Villager (Male) |
| 0:16 | Create | Villager (Male) |
| 0:16 | Create | Villager (Male) |
| 1:38 | Create | Villager (Male) |
| 1:38 | Create | Villager (Male) |
| 2:08 | Build | Lumber Camp |
| 2:10 | Create | Villager (Male) |
| 2:10 | Create | Villager (Male) |
| 2:10 | Create | Villager (Male) |
| 2:36 | Create | Villager (Male) |
| 2:37 | Create | Villager (Male) |
| 2:37 | Create | Villager (Male) |
| 3:22 | Create | Villager (Male) |
| 3:23 | Create | Villager (Male) |
| 3:23 | Create | Villager (Male) |
| 3:23 | Create | Villager (Male) |
| 4:04 | Build | House |
| 4:18 | Create | Villager (Male) |
| 4:19 | Create | Villager (Male) |
| 4:19 | Create | Villager (Male) |
| 4:19 | Create | Villager (Male) |
| 4:42 | Create | Villager (Male) |
| 4:43 | Create | Villager (Male) |
| 4:43 | Create | Villager (Male) |
| 4:58 | Create | Villager (Male) |
| 4:58 | Create | Villager (Male) |
| 4:58 | Create | Villager (Male) |
| 5:11 | Create | Villager (Male) |
| 5:11 | Create | Villager (Male) |
| 5:11 | Create | Villager (Male) |
| 5:19 | Build | House |
| 5:27 | Build | House |
| 6:00 | Create | Villager (Male) |
| 6:01 | Create | Villager (Male) |
| 6:01 | Create | Villager (Male) |
| 6:24 | Build | Mill |
| 6:35 | Create | Villager (Male) |
| 6:36 | Create | Villager (Male) |
| 6:36 | Create | Villager (Male) |
| 7:00 | Create | Villager (Male) |
| 7:00 | Create | Villager (Male) |
| 7:00 | Create | Villager (Male) |
| 7:23 | Create | Villager (Male) |
| 7:23 | Create | Villager (Male) |
| 7:23 | Create | Villager (Male) |
| 7:23 | Create | Villager (Male) |
| 7:24 | Create | Villager (Male) |
| 7:24 | Create | Villager (Male) |
| 7:24 | Create | Villager (Male) |
| 7:37 | Create | Villager (Male) |
| 7:37 | Create | Villager (Male) |
| 7:50 | Create | Villager (Male) |
| 7:50 | Create | Villager (Male) |
| 7:51 | Create | Villager (Male) |
| 8:20 | Create | Villager (Male) |
| 8:21 | Create | Villager (Male) |
| 8:27 | Create | Villager (Male) |
| 8:34 | Research | Feudal Age |
| 9:12 | Create | Villager (Male) |
| 9:33 | Build | Dock |
| 9:46 | Create | Villager (Male) |
| 9:53 | Build | House |
| 10:11 | Create | Villager (Male) |
| 10:23 | Create | Fishing Ship |
| 11:03 | Create | Villager (Male) |
| 11:03 | Age | Feudal Age |
| 11:19 | Build | Market |
| 11:27 | Build | Blacksmith |
| 11:30 | Create | Villager (Male) |
| 11:41 | Create | Villager (Male) |
| 11:49 | Create | Villager (Male) |
| 12:30 | Research | Castle Age |
| 13:02 | Build | Lumber Camp |
| 13:12 | Build | Lumber Camp |
| 13:25 | Research | Double-Bit Axe |
| 13:28 | Create | Fishing Ship |
| 13:50 | Build | Fish Trap |
| 14:13 | Create | Villager (Male) |
| 14:16 | Build | House |
| 14:21 | Build | House |
| 14:38 | Create | Villager (Male) |
| 15:23 | Age | Castle Age |
| 15:25 | Create | Villager (Male) |
| 15:33 | Build | Town Center |
| 15:44 | Build | Town Center |
| 15:46 | Research | Bow Saw |
| 15:49 | Research | Tech 906 |
| 16:04 | Create | Fishing Ship |
| 16:20 | Create | Villager (Male) |
| 16:35 | Research | Gillnets |
| 16:37 | Create | Fishing Ship |
| 16:37 | Create | Fishing Ship |
| 16:43 | Build | Farm |
| 16:44 | Build | Farm |
| 16:48 | Build | Farm |
| 16:49 | Create | Villager (Male) |
| 16:51 | Build | Farm |
| 16:57 | Create | Villager (Male) |
| 17:12 | Build | Farm |
| 17:14 | Build | Farm |
| 17:19 | Build | Farm |
| 17:22 | Build | Farm |
| 17:26 | Build | Farm |
| 17:31 | Create | Villager (Male) |
| 17:36 | Build | Farm |
| 17:37 | Build | Farm |
| 17:39 | Build | Farm |
| 17:44 | Create | Villager (Male) |
| 17:44 | Create | Villager (Male) |
| 17:50 | Build | Farm |
| 17:54 | Build | Farm |
| 17:57 | Build | Farm |
| 18:12 | Build | Fish Trap |
| 18:16 | Build | Fish Trap |
| 18:24 | Build | Fish Trap |
| 18:36 | Create | Villager (Male) ×4 |
| 18:40 | Create | Fishing Ship ×2 |
| 18:49 | Build | Fish Trap |
| 18:54 | Create | Villager (Male) ×2 |
| 19:04 | Build | House |
| 19:12 | Build | House |
| 19:14 | Build | House |
| 19:15 | Build | House |
| 19:18 | Create | Villager (Male) ×2 |
| 19:28 | Create | Villager (Male) |
| 19:32 | Build | Fish Trap |
| 19:41 | Create | Villager (Male) ×3 |
| 19:45 | Build | Farm |
| 19:48 | Create | Fishing Ship |
| 19:49 | Create | Fishing Ship |
| 19:52 | Create | Villager (Male) |
| 19:53 | Create | Villager (Male) |
| 19:55 | Build | House |
| 19:57 | Build | House |
| 20:11 | Build | Fish Trap |
| 20:16 | Build | House |
| 20:17 | Build | House |
| 20:20 | Build | House |
| 20:21 | Build | House |
| 20:22 | Build | House |
| 20:23 | Build | House |
| 20:28 | Create | Villager (Male) ×5 |
| 20:35 | Create | Villager (Male) |
| 20:41 | Create | Villager (Male) |
| 20:45 | Build | House |
| 20:47 | Build | House |
Build order — Fred
First 150 of 331 actions detected
| 0:10 | Build | House |
| 0:12 | Build | House |
| 0:14 | Create | Villager (Male) |
| 0:14 | Create | Villager (Male) |
| 0:14 | Create | Villager (Male) |
| 0:14 | Create | Villager (Male) |
| 1:01 | Build | Palisade Wall |
| 1:33 | Create | Villager (Male) |
| 1:33 | Create | Villager (Male) |
| 2:24 | Create | Villager (Male) |
| 2:24 | Create | Villager (Male) |
| 3:03 | Create | Villager (Male) |
| 3:04 | Create | Villager (Male) |
| 3:04 | Create | Villager (Male) |
| 3:25 | Create | Villager (Male) |
| 4:00 | Build | House |
| 4:01 | Build | House |
| 4:05 | Create | Villager (Male) |
| 4:06 | Create | Villager (Male) |
| 4:33 | Create | Villager (Male) |
| 4:54 | Create | Villager (Male) |
| 4:54 | Create | Villager (Male) |
| 5:33 | Build | Mill |
| 5:45 | Build | Mill |
| 5:54 | Create | Villager (Male) |
| 5:54 | Create | Villager (Male) |
| 5:55 | Create | Villager (Male) |
| 5:55 | Create | Villager (Male) |
| 5:55 | Create | Villager (Male) |
| 5:56 | Create | Villager (Male) |
| 6:31 | Create | Villager (Male) |
| 7:01 | Create | Villager (Male) |
| 7:29 | Create | Villager (Male) |
| 8:09 | Build | Mining Camp |
| 9:08 | Build | Mining Camp |
| 9:24 | Build | Lumber Camp |
| 9:32 | Build | House |
| 9:33 | Build | House |
| 9:35 | Research | Feudal Age |
| 10:20 | Create | Villager (Male) |
| 10:20 | Create | Villager (Male) |
| 10:21 | Create | Villager (Male) |
| 10:21 | Create | Villager (Male) |
| 11:01 | Build | Mill |
| 11:19 | Create | Villager (Male) |
| 11:19 | Create | Villager (Male) |
| 11:22 | Create | Villager (Male) |
| 11:45 | Age | Feudal Age |
| 11:57 | Build | Gate |
| 12:04 | Build | Stone Wall |
| 12:34 | Build | Barracks |
| 12:40 | Build | Blacksmith |
| 12:58 | Build | Market |
| 15:07 | Research | Castle Age |
| 16:28 | Build | House |
| 16:30 | Build | House |
| 16:55 | Create | Trade Cart |
| 16:57 | Create | Trade Cart |
| 17:00 | Create | Villager (Male) |
| 17:01 | Create | Villager (Male) |
| 17:26 | Build | House |
| 17:30 | Build | House |
| 17:47 | Age | Castle Age |
| 18:00 | Build | Castle |
| 18:10 | Build | Town Center |
| 18:21 | Build | Town Center |
| 18:32 | Create | Villager (Male) |
| 18:32 | Create | Villager (Male) |
| 18:39 | Build | Farm |
| 19:16 | Build | Farm |
| 19:17 | Build | Farm |
| 19:18 | Build | Farm |
| 19:19 | Build | Farm |
| 19:21 | Build | Farm |
| 19:22 | Build | Farm |
| 19:23 | Build | Farm |
| 19:44 | Create | Longbowman |
| 19:54 | Create | Villager (Male) |
| 19:54 | Create | Villager (Male) |
| 19:59 | Create | Villager (Male) |
| 19:59 | Create | Villager (Male) |
| 20:04 | Create | Longbowman |
| 20:06 | Create | Longbowman |
| 20:14 | Create | Villager (Male) |
| 20:14 | Create | Villager (Male) |
| 20:28 | Build | Mining Camp |
| 20:32 | Create | Villager (Male) |
| 20:39 | Create | Longbowman |
| 21:12 | Create | Villager (Male) |
| 21:13 | Create | Villager (Male) |
| 21:15 | Create | Villager (Male) |
| 21:18 | Create | Longbowman |
| 21:19 | Create | Longbowman |
| 21:33 | Create | Villager (Male) |
| 21:56 | Create | Villager (Male) |
| 22:01 | Create | Longbowman |
| 22:01 | Create | Longbowman |
| 22:14 | Build | University |
| 22:24 | Build | Farm |
| 22:27 | Create | Longbowman |
| 22:29 | Create | Villager (Male) |
| 22:32 | Create | Villager (Male) |
| 22:46 | Create | Villager (Male) |
| 22:48 | Create | Longbowman |
| 23:07 | Build | Farm |
| 23:10 | Create | Villager (Male) |
| 23:17 | Create | Villager (Male) |
| 23:20 | Create | Longbowman |
| 23:21 | Create | Longbowman |
| 23:30 | Build | Farm |
| 23:47 | Create | Longbowman |
| 23:48 | Create | Longbowman |
| 23:55 | Research | Fletching |
| 23:59 | Build | Farm |
| 24:07 | Create | Villager (Male) |
| 24:49 | Build | Watch Tower |
| 24:53 | Build | Farm |
| 24:54 | Create | Villager (Male) |
| 24:55 | Create | Villager (Male) |
| 24:59 | Create | Villager (Male) |
| 25:00 | Create | Villager (Male) |
| 25:01 | Create | Villager (Male) |
| 25:18 | Research | Ballistics |
| 25:33 | Build | Farm |
| 25:34 | Create | Villager (Male) |
| 25:36 | Create | Villager (Male) |
| 25:41 | Build | Farm |
| 25:43 | Create | Villager (Male) |
| 25:53 | Create | Longbowman |
| 25:53 | Create | Longbowman |
| 25:53 | Create | Longbowman |
| 26:18 | Create | Villager (Male) |
| 26:19 | Create | Villager (Male) |
| 26:20 | Create | Villager (Male) |
| 26:22 | Create | Villager (Male) |
| 26:27 | Build | Farm |
| 26:59 | Create | Longbowman |
| 26:59 | Create | Longbowman |
| 27:01 | Create | Villager (Male) |
| 27:02 | Create | Villager (Male) |
| 27:03 | Create | Villager (Male) |
| 27:07 | Build | Farm |
| 27:14 | Create | Villager (Male) |
| 27:16 | Create | Villager (Male) |
| 27:21 | Create | Villager (Male) |
| 27:27 | Create | Longbowman |
| 27:28 | Create | Longbowman |
| 27:40 | Build | Farm |
| 27:43 | Build | House |
| 27:44 | Build | House |
Build order — Capt. Abisto
First 150 of 337 actions detected
| 0:04 | Research | Loom |
| 0:04 | Create | Villager (Male) |
| 0:04 | Create | Villager (Male) |
| 0:05 | Create | Villager (Male) |
| 0:05 | Create | Villager (Male) |
| 0:05 | Create | Villager (Male) |
| 0:07 | Build | House |
| 0:09 | Build | House |
| 0:13 | Build | House |
| 0:15 | Build | House |
| 2:09 | Create | Villager (Male) |
| 2:35 | Create | Villager (Male) |
| 2:36 | Create | Villager (Male) |
| 3:51 | Create | Villager (Male) |
| 3:51 | Create | Villager (Male) |
| 3:52 | Create | Villager (Male) |
| 3:52 | Create | Villager (Male) |
| 4:10 | Create | Villager (Male) |
| 4:47 | Build | Lumber Camp |
| 4:58 | Create | Villager (Male) |
| 4:59 | Create | Villager (Male) |
| 4:59 | Create | Villager (Male) |
| 5:26 | Create | Villager (Male) |
| 5:26 | Create | Villager (Male) |
| 5:26 | Create | Villager (Male) |
| 5:27 | Create | Villager (Male) |
| 6:57 | Build | Mill |
| 7:19 | Create | Villager (Male) |
| 7:19 | Create | Villager (Male) |
| 8:52 | Create | Villager (Male) |
| 8:58 | Research | Feudal Age |
| 9:08 | Build | Mill |
| 9:25 | Build | Mining Camp |
| 10:04 | Create | Villager (Male) |
| 10:04 | Create | Villager (Male) |
| 11:51 | Age | Feudal Age |
| 12:12 | Build | House |
| 12:15 | Research | Wheelbarrow |
| 12:15 | Research | Wheelbarrow |
| 12:17 | Create | Villager (Male) |
| 12:17 | Create | Villager (Male) |
| 12:18 | Create | Villager (Male) |
| 13:41 | Create | Villager (Male) |
| 13:41 | Create | Villager (Male) |
| 13:55 | Build | Blacksmith |
| 14:01 | Build | Market |
| 14:05 | Build | Lumber Camp |
| 14:48 | Research | Castle Age |
| 15:13 | Build | House |
| 15:14 | Build | House |
| 15:15 | Build | House |
| 15:17 | Build | House |
| 16:47 | Create | Villager (Male) |
| 16:47 | Create | Villager (Male) |
| 16:56 | Create | Villager (Male) |
| 16:57 | Create | Villager (Male) |
| 17:36 | Research | Horse Collar |
| 17:40 | Research | Double-Bit Axe |
| 17:44 | Research | Gold Mining |
| 17:50 | Age | Castle Age |
| 17:54 | Build | Town Center |
| 18:20 | Build | Town Center |
| 18:53 | Build | Town Center |
| 18:57 | Create | Villager (Male) |
| 18:57 | Create | Villager (Male) |
| 18:57 | Create | Villager (Male) |
| 19:07 | Build | Farm |
| 19:08 | Build | Farm |
| 19:08 | Build | Farm |
| 19:08 | Build | Farm |
| 19:08 | Build | Farm |
| 19:18 | Build | Farm |
| 19:18 | Build | Farm |
| 19:18 | Build | Farm |
| 19:18 | Build | Farm |
| 19:19 | Build | Farm |
| 19:20 | Build | Farm |
| 19:46 | Create | Villager (Male) |
| 19:48 | Create | Villager (Male) |
| 19:55 | Build | Farm |
| 19:56 | Build | Farm |
| 19:56 | Build | Farm |
| 20:03 | Build | House |
| 20:09 | Create | Villager (Male) |
| 20:20 | Create | Villager (Male) |
| 20:37 | Build | House |
| 20:39 | Build | House |
| 20:46 | Create | Villager (Male) |
| 20:55 | Create | Villager (Male) |
| 20:59 | Create | Villager (Male) |
| 21:03 | Build | Farm |
| 21:06 | Build | Farm |
| 21:15 | Create | Villager (Male) |
| 21:21 | Create | Villager (Male) |
| 21:32 | Build | Farm |
| 21:36 | Build | Farm |
| 21:40 | Build | Farm |
| 21:44 | Create | Villager (Male) |
| 21:48 | Create | Villager (Male) |
| 21:51 | Create | Villager (Male) |
| 21:56 | Create | Villager (Male) |
| 22:01 | Build | Farm |
| 22:01 | Build | Farm |
| 22:02 | Build | Farm |
| 22:08 | Create | Villager (Male) |
| 22:10 | Create | Villager (Male) |
| 22:13 | Create | Villager (Male) |
| 22:19 | Create | Villager (Male) |
| 22:28 | Build | Farm |
| 22:28 | Build | Farm |
| 22:34 | Create | Villager (Male) |
| 22:35 | Create | Villager (Male) |
| 22:40 | Create | Villager (Male) |
| 22:41 | Create | Villager (Male) |
| 22:45 | Build | Farm |
| 22:46 | Build | Farm |
| 22:48 | Create | Villager (Male) |
| 23:05 | Build | Farm |
| 23:06 | Build | Farm |
| 23:06 | Build | Farm |
| 23:06 | Build | Farm |
| 23:06 | Build | Farm |
| 23:07 | Build | Farm |
| 23:08 | Build | Farm |
| 23:15 | Create | Villager (Male) |
| 23:17 | Create | Villager (Male) |
| 23:19 | Create | Villager (Male) |
| 23:25 | Create | Villager (Male) |
| 23:25 | Create | Villager (Male) |
| 23:29 | Create | Villager (Male) |
| 23:31 | Create | Villager (Male) |
| 23:36 | Create | Villager (Male) |
| 23:37 | Create | Villager (Male) |
| 23:50 | Build | House |
| 23:51 | Build | House |
| 24:01 | Build | Monastery |
| 24:04 | Create | Villager (Male) |
| 24:08 | Build | Farm |
| 24:09 | Build | Farm |
| 24:11 | Create | Villager (Male) |
| 24:12 | Create | Villager (Male) |
| 24:14 | Create | Villager (Male) |
| 24:15 | Create | Villager (Male) |
| 24:17 | Create | Villager (Male) |
| 24:19 | Create | Villager (Male) |
| 24:24 | Create | Villager (Male) |
| 24:24 | Create | Villager (Male) |
| 24:26 | Create | Villager (Male) |
| 24:26 | Create | Villager (Male) |
| 24:26 | Create | Villager (Male) |
Build order — nico142857
First 150 of 346 actions detected
| 0:02 | Create | Villager (Male) |
| 0:03 | Create | Villager (Male) |
| 0:04 | Build | House |
| 0:05 | Build | House |
| 0:28 | Create | Villager (Male) |
| 1:09 | Create | Villager (Male) |
| 1:23 | Create | Villager (Male) |
| 1:41 | Create | Villager (Male) |
| 1:45 | Build | Lumber Camp |
| 1:57 | Create | Villager (Male) |
| 2:52 | Create | Villager (Male) |
| 2:53 | Create | Villager (Male) |
| 3:04 | Create | Villager (Male) |
| 3:05 | Create | Villager (Male) |
| 3:37 | Build | House |
| 3:41 | Build | Mill |
| 3:45 | Create | Villager (Male) |
| 4:13 | Create | Villager (Male) |
| 4:27 | Create | Villager (Male) |
| 4:37 | Research | Loom |
| 4:46 | Create | Villager (Male) |
| 5:52 | Create | Villager (Male) |
| 6:23 | Create | Villager (Male) |
| 6:28 | Build | House |
| 6:44 | Create | Villager (Male) |
| 6:46 | Create | Villager (Male) |
| 6:58 | Create | Villager (Male) |
| 6:59 | Create | Villager (Male) |
| 6:59 | Create | Villager (Male) |
| 7:33 | Build | Mill |
| 7:50 | Build | Lumber Camp |
| 7:53 | Create | Villager (Male) |
| 8:47 | Build | House |
| 9:08 | Research | Feudal Age |
| 11:12 | Age | Feudal Age |
| 11:15 | Build | Market |
| 11:18 | Build | Blacksmith |
| 11:20 | Create | Villager (Male) |
| 11:20 | Create | Villager (Male) |
| 12:53 | Research | Castle Age |
| 13:59 | Build | House |
| 14:13 | Build | Farm |
| 14:15 | Build | Farm |
| 14:15 | Build | Farm |
| 14:16 | Build | Farm |
| 14:17 | Build | Farm |
| 14:19 | Build | Farm |
| 14:19 | Build | Farm |
| 14:20 | Build | Farm |
| 14:26 | Build | Farm |
| 15:19 | Age | Castle Age |
| 15:20 | Research | Horse Collar |
| 15:28 | Create | Villager (Male) |
| 15:54 | Create | Villager (Male) |
| 15:56 | Create | Villager (Male) |
| 15:57 | Create | Villager (Male) |
| 15:57 | Create | Villager (Male) |
| 15:57 | Create | Villager (Male) |
| 15:57 | Create | Villager (Male) |
| 15:58 | Create | Villager (Male) |
| 15:58 | Create | Villager (Male) |
| 16:20 | Build | Town Center |
| 16:55 | Research | Double-Bit Axe |
| 17:10 | Build | House |
| 17:11 | Research | Scale Barding Armor |
| 17:25 | Build | Barracks |
| 17:55 | Build | Town Center |
| 18:30 | Create | Villager (Male) |
| 18:30 | Create | Villager (Male) |
| 18:32 | Create | Villager (Male) |
| 18:32 | Create | Villager (Male) |
| 19:04 | Build | Stable |
| 19:07 | Create | Villager (Male) |
| 19:07 | Create | Villager (Male) |
| 19:08 | Create | Villager (Male) |
| 19:19 | Build | Farm |
| 19:20 | Build | Farm |
| 19:20 | Build | Farm |
| 19:20 | Build | Farm |
| 19:21 | Build | Farm |
| 19:21 | Build | Farm |
| 19:22 | Build | Farm |
| 19:24 | Build | Farm |
| 19:29 | Build | Farm |
| 19:32 | Create | Villager (Male) |
| 19:33 | Create | Villager (Male) |
| 19:34 | Create | Villager (Male) |
| 19:34 | Create | Villager (Male) |
| 19:58 | Create | Villager (Male) |
| 20:08 | Create | Villager (Male) |
| 20:16 | Build | Farm |
| 20:18 | Build | Farm |
| 20:20 | Create | Villager (Male) |
| 20:28 | Build | Farm |
| 20:31 | Build | Farm |
| 20:35 | Build | Farm |
| 20:37 | Create | Villager (Male) |
| 20:37 | Create | Villager (Male) |
| 20:50 | Build | House |
| 20:51 | Build | House |
| 20:52 | Build | House |
| 20:52 | Build | House |
| 20:53 | Build | House |
| 20:54 | Build | House |
| 21:01 | Build | House |
| 21:02 | Build | House |
| 21:03 | Build | House |
| 21:04 | Build | House |
| 21:05 | Build | House |
| 21:06 | Build | House |
| 21:09 | Build | House |
| 21:12 | Create | Villager (Male) |
| 21:13 | Research | Wheelbarrow |
| 21:23 | Build | Farm |
| 21:23 | Build | Farm |
| 21:24 | Build | Farm |
| 21:34 | Create | Villager (Male) |
| 21:36 | Create | Villager (Male) |
| 21:36 | Create | Villager (Male) |
| 21:38 | Create | Villager (Male) |
| 21:58 | Create | Villager (Male) |
| 21:58 | Create | Villager (Male) |
| 22:04 | Create | Villager (Male) |
| 22:12 | Create | Villager (Male) |
| 22:15 | Create | Villager (Male) |
| 22:16 | Create | Villager (Male) |
| 22:22 | Build | Farm |
| 22:22 | Build | Farm |
| 22:31 | Build | Farm |
| 22:32 | Build | Farm |
| 22:32 | Build | Farm |
| 22:33 | Build | Farm |
| 22:33 | Build | Farm |
| 22:34 | Build | Farm |
| 22:40 | Create | Villager (Male) |
| 22:41 | Create | Villager (Male) |
| 22:42 | Create | Villager (Male) |
| 22:43 | Create | Villager (Male) |
| 22:46 | Build | Farm |
| 22:47 | Create | Villager (Male) |
| 22:56 | Create | Scout Cavalry |
| 23:08 | Create | Villager (Male) |
| 23:17 | Create | Scout Cavalry |
| 23:20 | Create | Villager (Male) |
| 23:23 | Create | Villager (Male) |
| 23:29 | Build | Farm |
| 23:34 | Build | Farm |
| 23:37 | Build | Farm |
| 23:40 | Build | Farm |
| 23:44 | Build | Farm |
Build order — Mark
First 150 of 323 actions detected
| 0:01 | Research | Loom |
| 0:44 | Build | Palisade Wall |
| 0:58 | Create | Villager (Male) |
| 0:58 | Create | Villager (Male) |
| 1:53 | Build | Palisade Wall |
| 2:29 | Create | Villager (Male) |
| 2:29 | Create | Villager (Male) |
| 2:29 | Create | Villager (Male) |
| 3:02 | Create | Villager (Male) |
| 3:46 | Create | Villager (Male) |
| 3:47 | Create | Villager (Male) |
| 4:01 | Build | Lumber Camp |
| 4:15 | Create | Villager (Male) |
| 5:18 | Create | Villager (Male) |
| 5:18 | Create | Villager (Male) |
| 5:18 | Create | Villager (Male) |
| 5:46 | Build | House |
| 6:25 | Build | Mill |
| 6:30 | Create | Villager (Male) |
| 7:05 | Create | Villager (Male) |
| 7:09 | Build | House |
| 7:25 | Create | Villager (Male) |
| 7:59 | Create | Villager (Male) |
| 8:24 | Create | Villager (Male) |
| 8:42 | Create | Villager (Male) |
| 8:58 | Build | Mining Camp |
| 9:04 | Research | Feudal Age |
| 9:51 | Build | House |
| 10:40 | Create | Villager (Male) |
| 10:40 | Create | Villager (Male) |
| 10:58 | Build | Farm |
| 11:03 | Build | Farm |
| 11:16 | Create | Villager (Male) |
| 11:24 | Age | Feudal Age |
| 11:35 | Build | Market |
| 11:42 | Create | Villager (Male) |
| 12:01 | Create | Villager (Male) |
| 12:29 | Build | Blacksmith |
| 12:55 | Build | Farm |
| 13:14 | Research | Castle Age |
| 13:28 | Build | Farm |
| 13:55 | Build | Mining Camp |
| 14:21 | Build | House |
| 14:25 | Build | House |
| 14:39 | Build | Farm |
| 16:09 | Age | Castle Age |
| 16:14 | Build | Town Center |
| 16:18 | Create | Villager (Male) |
| 16:22 | Create | Villager (Male) |
| 16:33 | Research | Double-Bit Axe |
| 16:36 | Research | Horse Collar |
| 16:44 | Build | Farm |
| 16:47 | Build | Farm |
| 17:07 | Create | Villager (Male) |
| 17:35 | Build | Town Center |
| 17:40 | Create | Villager (Male) |
| 17:44 | Create | Villager (Male) |
| 17:55 | Build | Farm |
| 18:09 | Create | Villager (Male) |
| 18:09 | Create | Villager (Male) |
| 18:16 | Create | Villager (Male) |
| 18:17 | Create | Villager (Male) |
| 18:29 | Build | Barracks |
| 18:37 | Create | Villager (Male) |
| 18:47 | Create | Villager (Male) |
| 18:50 | Create | Villager (Male) |
| 18:55 | Build | Farm |
| 18:59 | Build | Farm |
| 19:02 | Build | Farm |
| 19:09 | Create | Villager (Male) |
| 19:17 | Build | Farm |
| 19:22 | Create | Villager (Male) |
| 19:23 | Create | Villager (Male) |
| 19:26 | Create | Villager (Male) |
| 19:45 | Build | Monastery |
| 19:52 | Create | Villager (Male) |
| 19:57 | Build | Farm |
| 20:05 | Build | Farm |
| 20:15 | Build | Farm |
| 20:21 | Create | Villager (Male) |
| 20:23 | Create | Villager (Male) |
| 20:25 | Create | Villager (Male) |
| 20:37 | Build | University |
| 20:38 | Create | Monk |
| 20:59 | Create | Villager (Male) |
| 21:02 | Create | Villager (Male) |
| 21:05 | Create | Villager (Male) |
| 21:08 | Build | Farm |
| 21:12 | Build | Farm |
| 21:32 | Build | Archery Range |
| 21:47 | Build | Farm |
| 22:04 | Create | Villager (Male) |
| 22:05 | Research | Stone Mining |
| 22:07 | Create | Villager (Male) |
| 22:09 | Create | Villager (Male) |
| 22:09 | Create | Villager (Male) |
| 22:10 | Create | Villager (Male) |
| 22:26 | Build | Stone Wall |
| 22:29 | Build | Stone Wall |
| 22:37 | Build | Farm |
| 22:44 | Build | Farm |
| 22:45 | Create | Villager (Male) |
| 22:55 | Create | Cavalry Archer |
| 22:56 | Create | Cavalry Archer |
| 23:00 | Create | Skirmisher |
| 23:00 | Create | Skirmisher |
| 23:00 | Create | Skirmisher |
| 23:00 | Create | Skirmisher |
| 23:06 | Build | Archery Range |
| 23:07 | Create | Villager (Male) |
| 23:08 | Create | Villager (Male) |
| 23:19 | Create | Villager (Male) |
| 23:22 | Research | Ballistics |
| 23:24 | Create | Villager (Male) |
| 23:30 | Create | Skirmisher |
| 23:55 | Build | Castle |
| 24:02 | Create | Skirmisher |
| 24:13 | Create | Skirmisher |
| 24:13 | Create | Skirmisher |
| 24:17 | Create | Skirmisher |
| 24:29 | Research | Fletching |
| 24:31 | Create | Skirmisher |
| 24:33 | Create | Skirmisher |
| 24:36 | Create | Villager (Male) |
| 24:36 | Create | Villager (Male) |
| 24:37 | Create | Villager (Male) |
| 24:37 | Create | Villager (Male) |
| 24:38 | Create | Villager (Male) |
| 25:02 | Create | Chu Ko Nu |
| 25:03 | Create | Chu Ko Nu |
| 25:18 | Create | Villager (Male) |
| 25:19 | Create | Villager (Male) |
| 25:22 | Create | Villager (Male) |
| 25:22 | Create | Villager (Male) |
| 25:22 | Create | Villager (Male) |
| 25:23 | Create | Villager (Male) |
| 25:27 | Create | Villager (Male) |
| 25:27 | Create | Villager (Male) |
| 25:28 | Create | Villager (Male) |
| 25:59 | Research | Padded Archer Armor |
| 26:02 | Create | Villager (Male) |
| 26:05 | Build | Farm |
| 26:07 | Build | Farm |
| 26:13 | Create | Villager (Male) |
| 26:15 | Build | Farm |
| 26:17 | Create | Villager (Male) |
| 26:21 | Create | Villager (Male) |
| 26:24 | Create | Villager (Male) |
| 26:28 | Build | Farm |
| 26:28 | Build | Farm |
Build order — cruy
First 150 of 411 actions detected
| 0:06 | Create | Villager (Male) |
| 0:07 | Research | Loom |
| 0:07 | Create | Villager (Male) |
| 0:07 | Create | Villager (Male) |
| 0:16 | Build | House |
| 0:17 | Build | House |
| 0:17 | Build | House |
| 0:34 | Build | Palisade Wall |
| 0:56 | Create | Villager (Male) |
| 0:56 | Create | Villager (Male) |
| 3:12 | Create | Villager (Male) |
| 3:13 | Create | Villager (Male) |
| 3:30 | Build | Palisade Wall |
| 4:17 | Create | Villager (Male) |
| 4:17 | Create | Villager (Male) |
| 4:18 | Create | Villager (Male) |
| 4:18 | Create | Villager (Male) |
| 4:48 | Build | Palisade Wall |
| 4:53 | Create | Villager (Male) |
| 4:53 | Create | Villager (Male) |
| 5:16 | Build | Palisade Wall |
| 5:24 | Create | Villager (Male) |
| 5:25 | Create | Villager (Male) |
| 5:49 | Create | Villager (Male) |
| 5:50 | Create | Villager (Male) |
| 5:50 | Create | Villager (Male) |
| 5:51 | Create | Villager (Male) |
| 6:11 | Build | Lumber Camp |
| 6:49 | Create | Villager (Male) |
| 6:50 | Create | Villager (Male) |
| 6:50 | Create | Villager (Male) |
| 7:50 | Create | Villager (Male) |
| 7:51 | Create | Villager (Male) |
| 7:52 | Create | Villager (Male) |
| 7:55 | Build | House |
| 8:46 | Create | Villager (Male) |
| 8:46 | Create | Villager (Male) |
| 9:46 | Build | Mill |
| 9:55 | Create | Villager (Male) |
| 10:13 | Research | Feudal Age |
| 10:13 | Research | Feudal Age |
| 10:17 | Build | House |
| 10:18 | Build | House |
| 10:46 | Build | Mining Camp |
| 11:30 | Create | Villager (Male) |
| 11:30 | Create | Villager (Male) |
| 12:30 | Age | Feudal Age |
| 12:41 | Create | Villager (Male) |
| 12:48 | Create | Villager (Male) |
| 12:50 | Create | Villager (Male) |
| 12:56 | Build | House |
| 13:41 | Build | Market |
| 15:49 | Build | Blacksmith |
| 16:04 | Build | Lumber Camp |
| 16:06 | Research | Castle Age |
| 17:03 | Build | Stone Wall |
| 17:55 | Create | Villager (Male) |
| 17:56 | Create | Villager (Male) |
| 18:46 | Age | Castle Age |
| 18:48 | Research | Wheelbarrow |
| 19:00 | Build | Town Center |
| 19:04 | Build | Town Center |
| 19:11 | Build | University |
| 19:21 | Create | Villager (Male) |
| 19:21 | Create | Villager (Male) |
| 19:28 | Build | Farm |
| 19:29 | Build | Farm |
| 19:29 | Build | Farm |
| 19:29 | Build | Farm |
| 19:47 | Build | Farm |
| 19:47 | Build | Farm |
| 19:47 | Build | Farm |
| 19:47 | Build | Farm |
| 19:48 | Build | Farm |
| 19:48 | Build | Farm |
| 19:59 | Build | Stone Wall |
| 20:24 | Build | Farm |
| 20:24 | Build | Farm |
| 20:24 | Build | Farm |
| 20:25 | Build | Farm |
| 20:25 | Build | Farm |
| 20:25 | Build | Farm |
| 20:25 | Build | Farm |
| 21:23 | Build | Siege Workshop |
| 21:37 | Create | Villager (Male) |
| 21:38 | Create | Villager (Male) |
| 21:38 | Create | Villager (Male) |
| 21:52 | Create | Villager (Male) |
| 21:55 | Build | Farm |
| 21:56 | Build | Farm |
| 21:56 | Build | Farm |
| 21:56 | Build | Farm |
| 21:56 | Build | Farm |
| 21:57 | Build | Farm |
| 21:57 | Build | Farm |
| 22:24 | Create | Mangonel |
| 22:29 | Create | Villager (Male) |
| 22:29 | Create | Villager (Male) |
| 22:34 | Create | Villager (Male) |
| 22:35 | Create | Villager (Male) |
| 22:35 | Create | Villager (Male) |
| 22:55 | Build | Monastery |
| 23:00 | Create | Villager (Male) |
| 23:00 | Create | Villager (Male) |
| 23:27 | Create | Villager (Male) |
| 23:28 | Create | Villager (Male) |
| 23:45 | Create | Mangonel |
| 23:49 | Create | Villager (Male) |
| 23:49 | Create | Villager (Male) |
| 24:05 | Create | Villager (Male) |
| 24:06 | Create | Villager (Male) |
| 24:25 | Build | Barracks |
| 24:28 | Create | Villager (Male) |
| 24:29 | Create | Villager (Male) |
| 24:31 | Create | Villager (Male) |
| 24:34 | Create | Monk |
| 24:38 | Build | Farm |
| 24:39 | Build | Farm |
| 24:39 | Build | Farm |
| 24:39 | Build | Farm |
| 24:40 | Build | Farm |
| 24:40 | Build | Farm |
| 24:40 | Build | Farm |
| 24:40 | Build | Farm |
| 24:41 | Build | Farm |
| 24:41 | Build | Farm |
| 24:41 | Build | Farm |
| 24:42 | Build | Farm |
| 24:42 | Build | Farm |
| 24:50 | Create | Villager (Male) |
| 25:13 | Create | Villager (Male) |
| 25:14 | Create | Villager (Male) |
| 25:15 | Create | Villager (Male) |
| 25:15 | Create | Villager (Male) |
| 25:22 | Build | House |
| 25:23 | Build | House |
| 25:24 | Build | House |
| 25:25 | Build | House |
| 25:36 | Build | House |
| 25:37 | Build | House |
| 25:38 | Build | House |
| 25:38 | Build | House |
| 26:11 | Create | Villager (Male) |
| 26:11 | Create | Villager (Male) |
| 26:11 | Create | Villager (Male) |
| 26:12 | Create | Villager (Male) |
| 26:12 | Create | Villager (Male) |
| 26:14 | Create | Villager (Male) |
| 26:51 | Create | Villager (Male) |
| 26:51 | Create | Villager (Male) |
Build order — i need 1v4 ?
First 150 of 692 actions detected
| 0:06 | Create | Villager (Male) |
| 0:07 | Research | Loom |
| 0:07 | Create | Villager (Male) |
| 0:07 | Create | Villager (Male) |
| 0:08 | Create | Villager (Male) |
| 0:08 | Create | Villager (Male) |
| 0:08 | Create | Villager (Male) |
| 0:17 | Build | House |
| 0:56 | Build | House |
| 2:17 | Create | Villager (Male) |
| 2:17 | Create | Villager (Male) |
| 2:26 | Create | Villager (Male) |
| 2:26 | Create | Villager (Male) |
| 2:50 | Build | Palisade Wall |
| 2:55 | Build | Palisade Gate |
| 3:06 | Create | Villager (Male) |
| 3:06 | Create | Villager (Male) |
| 3:11 | Create | Villager (Male) |
| 3:11 | Create | Villager (Male) |
| 3:22 | Build | Mining Camp |
| 3:48 | Create | Villager (Male) |
| 4:22 | Build | House |
| 4:25 | Create | Villager (Male) |
| 4:25 | Create | Villager (Male) |
| 4:26 | Create | Villager (Male) |
| 4:53 | Create | Villager (Male) |
| 4:54 | Create | Villager (Male) |
| 5:14 | Create | Villager (Male) |
| 5:14 | Create | Villager (Male) |
| 6:02 | Create | Villager (Male) |
| 6:03 | Create | Villager (Male) |
| 6:03 | Create | Villager (Male) |
| 6:30 | Create | Villager (Male) |
| 6:30 | Create | Villager (Male) |
| 6:43 | Create | Villager (Male) |
| 6:43 | Create | Villager (Male) |
| 7:13 | Build | House |
| 7:17 | Create | Villager (Male) |
| 7:17 | Create | Villager (Male) |
| 7:18 | Create | Villager (Male) |
| 7:24 | Build | House |
| 7:24 | Build | House |
| 7:25 | Build | House |
| 7:25 | Build | House |
| 7:25 | Build | House |
| 7:25 | Build | House |
| 7:54 | Build | Mill |
| 8:21 | Build | Lumber Camp |
| 8:30 | Create | Villager (Male) |
| 8:30 | Create | Villager (Male) |
| 8:49 | Build | Mining Camp |
| 9:07 | Create | Villager (Male) |
| 9:07 | Create | Villager (Male) |
| 9:07 | Create | Villager (Male) |
| 9:08 | Create | Villager (Male) |
| 9:49 | Build | Mill |
| 10:42 | Build | Mining Camp |
| 10:45 | Create | Villager (Male) |
| 11:27 | Create | Villager (Male) |
| 11:27 | Create | Villager (Male) |
| 12:27 | Research | Feudal Age |
| 13:22 | Build | Mill |
| 14:30 | Age | Feudal Age |
| 14:31 | Research | Double-Bit Axe |
| 14:32 | Research | Double-Bit Axe |
| 14:32 | Research | Double-Bit Axe |
| 14:33 | Research | Wheelbarrow |
| 14:40 | Build | Market |
| 14:45 | Build | Blacksmith |
| 14:49 | Build | House |
| 14:49 | Build | House |
| 14:50 | Build | House |
| 14:50 | Build | House |
| 14:50 | Build | House |
| 14:51 | Build | House |
| 14:51 | Build | House |
| 15:10 | Build | Stone Wall |
| 15:37 | Build | Stone Wall |
| 15:41 | Build | Gate |
| 15:44 | Create | Villager (Male) |
| 15:45 | Create | Villager (Male) |
| 16:01 | Build | Lumber Camp |
| 16:31 | Build | Barracks |
| 16:33 | Create | Villager (Male) |
| 16:33 | Create | Villager (Male) |
| 16:55 | Build | Stone Wall |
| 16:58 | Build | Gate |
| 17:18 | Create | Villager (Male) |
| 17:18 | Create | Villager (Male) |
| 17:39 | Build | Stone Wall |
| 17:45 | Build | Gate |
| 17:53 | Research | Castle Age |
| 18:04 | Build | Lumber Camp |
| 19:00 | Build | Farm |
| 19:01 | Build | Farm |
| 19:02 | Build | Farm |
| 19:03 | Build | Farm |
| 19:04 | Build | Farm |
| 19:05 | Build | Farm |
| 19:05 | Build | Farm |
| 19:06 | Build | Farm |
| 20:29 | Age | Castle Age |
| 20:36 | Build | Town Center |
| 20:42 | Build | Town Center |
| 20:53 | Build | Town Center |
| 20:55 | Research | Hand Cart |
| 20:58 | Research | Bow Saw |
| 21:02 | Create | Villager (Male) |
| 21:02 | Create | Villager (Male) |
| 21:06 | Build | Farm |
| 21:07 | Build | Farm |
| 21:07 | Build | Farm |
| 21:07 | Build | Farm |
| 21:19 | Build | Lumber Camp |
| 21:25 | Create | Villager (Male) |
| 21:25 | Create | Villager (Male) |
| 22:07 | Build | House |
| 22:08 | Build | House |
| 22:08 | Build | House |
| 22:08 | Build | House |
| 22:09 | Build | House |
| 22:09 | Build | House |
| 22:09 | Build | House |
| 22:10 | Build | House |
| 22:10 | Build | House |
| 22:10 | Build | House |
| 22:23 | Create | Villager (Male) |
| 22:38 | Build | Siege Workshop |
| 22:43 | Build | Stable |
| 23:01 | Build | Farm |
| 23:01 | Build | Farm |
| 23:01 | Build | Farm |
| 23:01 | Build | Farm |
| 23:02 | Build | Farm |
| 23:02 | Build | Farm |
| 23:09 | Create | Villager (Male) |
| 23:13 | Create | Villager (Male) |
| 23:16 | Create | Villager (Male) |
| 23:16 | Create | Villager (Male) |
| 23:23 | Create | Villager (Male) |
| 23:23 | Create | Villager (Male) |
| 23:37 | Build | Stone Wall |
| 23:41 | Build | Gate |
| 23:43 | Create | Villager (Male) |
| 23:43 | Create | Villager (Male) |
| 23:43 | Create | Villager (Male) |
| 23:51 | Build | Farm |
| 23:51 | Build | Farm |
| 23:51 | Build | Farm |
| 23:51 | Build | Farm |
Match timeline
| 0:34 | cruy · wall_segment Palisade Wall x12 |
| 0:44 | Mark · wall_segment Palisade Wall x6 |
| 1:01 | Fred · wall_segment Palisade Wall x12 |
| 1:47 | サンテアゴ · wall_segment Palisade Wall x10 |
| 1:53 | Mark · wall_segment Palisade Wall x8 |
| 2:50 | i need 1v4 ? · wall_segment Palisade Wall x12 |
| 3:30 | cruy · wall_segment Palisade Wall x10 |
| 3:34 | サンテアゴ · wall_segment Palisade Wall x9 |
| 3:46 | サンテアゴ · wall_segment Palisade Wall x9 |
| 4:48 | cruy · wall_segment Palisade Wall x14 |
| 5:16 | cruy · wall_segment Palisade Wall x12 |
| 9:33 | 菜鸟群275059917 · first_building Dock |
| 11:03 | 菜鸟群275059917 · age_up feudal |
| 11:12 | nico142857 · age_up feudal |
| 11:24 | Mark · age_up feudal |
| 11:45 | Fred · age_up feudal |
| 11:51 | Capt. Abisto · age_up feudal |
| 12:04 | Fred · wall_segment Stone Wall x13 |
| 12:15 | nico142857 · first_market_sell 100 wood |
| 12:24 | 菜鸟群275059917 · first_market_sell 100 wood |
| 12:30 | cruy · age_up feudal |
| 12:34 | Fred · first_building Barracks |
| 12:49 | サンテアゴ · age_up feudal |
| 14:30 | i need 1v4 ? · age_up feudal |
| 15:10 | i need 1v4 ? · wall_segment Stone Wall x11 |
| 15:19 | nico142857 · age_up castle |
| 15:23 | 菜鸟群275059917 · age_up castle |
| 15:37 | i need 1v4 ? · wall_segment Stone Wall x11 |
| 16:09 | Mark · age_up castle |
| 16:31 | i need 1v4 ? · first_building Barracks |
| 16:55 | i need 1v4 ? · wall_segment Stone Wall x17 |
| 17:03 | cruy · wall_segment Stone Wall x14 |
| 17:05 | サンテアゴ · first_market_buy 100 stone |
| 17:11 | サンテアゴ · age_up castle |
| 17:25 | nico142857 · first_building Barracks |
| 17:39 | i need 1v4 ? · wall_segment Stone Wall x11 |
| 17:47 | Fred · age_up castle |
| 17:50 | Capt. Abisto · age_up castle |
| 18:00 | Fred · first_building Castle |
| 18:29 | Mark · first_building Barracks |
| 18:41 | Capt. Abisto · first_market_buy 100 stone |
| 18:46 | cruy · first_market_buy 100 food |
| 18:46 | cruy · age_up castle |
| 19:04 | nico142857 · first_building Stable |
| 19:04 | サンテアゴ · first_building Castle |
| 19:45 | Mark · first_building Monastery |
| 19:59 | cruy · wall_segment Stone Wall x13 |
| 20:29 | i need 1v4 ? · age_up castle |
| 21:23 | cruy · first_building Siege Workshop |
| 21:32 | Mark · first_building Archery Range |
| 22:26 | Mark · wall_segment Stone Wall x8 |
| 22:29 | Mark · wall_segment Stone Wall x9 |
| 22:38 | i need 1v4 ? · first_building Siege Workshop |
| 22:43 | i need 1v4 ? · first_building Stable |
| 22:55 | cruy · first_building Monastery |
| 23:37 | i need 1v4 ? · wall_segment Stone Wall x18 |
| 23:55 | Mark · first_building Castle |
| 24:01 | Capt. Abisto · first_building Monastery |
| 24:25 | cruy · first_building Barracks |
| 24:33 | nico142857 · first_building Monastery |
| 27:32 | Mark · first_market_sell 100 wood |
| 27:35 | Mark · first_market_buy 100 food |
| 28:00 | 菜鸟群275059917 · first_building Monastery |
| 28:42 | nico142857 · age_up imperial |
| 28:49 | Capt. Abisto · first_building Barracks |
| 29:06 | i need 1v4 ? · first_building Castle |
| 30:01 | cruy · wall_segment Stone Wall x5 |
| 30:39 | Capt. Abisto · age_up imperial |
| 30:49 | Capt. Abisto · first_building Stable |
| 30:53 | サンテアゴ · first_building Monastery |
| 30:58 | cruy · wall_segment Stone Wall x14 |
| 31:16 | Capt. Abisto · first_building Siege Workshop |
| 31:54 | サンテアゴ · age_up imperial |
| 31:58 | 菜鸟群275059917 · age_up imperial |
| 32:18 | i need 1v4 ? · wall_segment Stone Wall x12 |
| 32:43 | cruy · first_market_sell 500 wood |
| 33:04 | cruy · wall_segment Stone Wall x13 |
| 33:17 | 菜鸟群275059917 · first_building Barracks |
| 34:05 | Mark · age_up imperial |
| 34:07 | cruy · first_building Archery Range |
| 34:09 | Capt. Abisto · first_building Castle |
| 34:41 | nico142857 · first_building Dock |
| 34:47 | Fred · age_up imperial |
| 35:16 | i need 1v4 ? · age_up imperial |
| 36:23 | cruy · age_up imperial |
| 36:35 | cruy · first_building Castle |
| 36:48 | cruy · wall_segment Stone Wall x15 |
| 36:50 | 菜鸟群275059917 · first_building Siege Workshop |
| 36:58 | i need 1v4 ? · first_market_sell 100 wood |
| 36:59 | i need 1v4 ? · first_market_buy 100 stone |
| 38:01 | cruy · first_building Donjon |
| 38:10 | サンテアゴ · first_building Barracks |
| 39:15 | サンテアゴ · first_building Archery Range |
| 40:19 | i need 1v4 ? · first_building Archery Range |
| 40:23 | Fred · first_building Archery Range |
| 40:44 | 菜鸟群275059917 · first_building Castle |
| 40:47 | cruy · first_building Stable |
| 42:17 | Mark · resign |
| 47:45 | 菜鸟群275059917 · first_building Stable |
| 48:33 | cruy · wall_segment Stone Wall x10 |
| 49:42 | cruy · wall_segment Stone Wall x4 |
| 49:45 | cruy · wall_segment Stone Wall x6 |
| 49:56 | cruy · wall_segment Stone Wall x14 |
| 51:25 | cruy · wall_segment Stone Wall x16 |
[ AI ANALYSIS · 1 CREDIT ]
What really happened in this match?
Wolo.gg analyzes every decision: build order, eco, micro, common mistakes by bracket. Personalized analysis on WhatsApp or Discord in 30 seconds.
Civ guide
Britons
Perfil
Jugador #17549693